 Dungeon Crawl Stone Soup version 0.30-a0-170-g85af917532 (webtiles) character file.

Game seed: 716179817270337702

1138 gelatine the Skirmisher (level 8, -10/66 (68) HPs)
             Began as a Minotaur Hunter on Oct 1, 2022.
             Mangled by a two-headed ogre
             ... wielding a +0 giant club
              (28 damage)
             ... on level 5 of the Dungeon.
             The game lasted 00:14:48 (4196 turns).

gelatine the Skirmisher (Minotaur Hunter)           Turns: 4196, Time: 00:14:48

HP:   -10/66 (68)   AC:  4    Str: 16    XL:     8   Next: 14%
MP:   7/7           EV: 14    Int:  6    God:
Gold: 282           SH:  0    Dex: 22    Spells: 7/7 levels left

rFire   . . .      SeeInvis .    a - +0 shortbow
rCold   . . .      Faith    .    (shield currently unavailable)
rNeg    . . .      Spirit   .    c - +1 leather armour
rPois   .          Reflect  .    (helmet restricted)
rElec   .          Harm     .    (no cloak)
rCorr   +          Rampage  .    (no gloves)
Will    .....                    (no boots)
Stlth   +++.......               (no amulet)
HPRegen 0.21/turn                f - +6 ring of dexterity
MPRegen 0.10/turn                p - ring of resist corrosion

@: lightly drained
A: horns 2, retaliatory headbutt
a: no special abilities


You were on level 5 of the Dungeon.
You visited 1 branch of the dungeon, and saw 5 of its levels.
You also visited: Sewer.

You collected 282 gold pieces.

Inventory:

Hand Weapons
 a - a +0 shortbow (weapon)
Armour
 c - a +1 leather armour (worn)
 l - a +0 chain mail
 m - a +0 ring mail
 o - the +7 plate armour "Agoyba" {rElec Will+}
   (You acquired it in a sewer)

   rElec:     It insulates you from electricity.
   Will:      It increases your willpower.
Magical Staves
 x - a staff of fire
Jewellery
 f - a +6 ring of dexterity (left hand)
 p - a ring of resist corrosion (right hand)
Wands
 r - a wand of paralysis (1)
 z - a wand of iceblast (3)
Scrolls
 b - a scroll of immolation
 d - a scroll of torment
 e - a scroll of blinking {unknown}
 h - 4 scrolls of enchant weapon
 j - a scroll of amnesia
 k - 2 scrolls of acquirement
 u - a scroll of fog
 w - a scroll of teleportation
 y - a scroll of magic mapping {unknown}
Potions
 g - 4 potions of invisibility
 n - 2 potions of mutation
 q - 2 potions of curing
 s - a potion of ambrosia
 t - 2 potions of flight


   Skills:
 * Level 5.3 Fighting
 + Level 8.2 Ranged Weapons
 * Level 4.0 Armour
 * Level 4.2 Dodging
 * Level 3.2 Stealth
 + Level 0.1 Evocations


You had 7 spell levels left.
You didn't know any spells.
Your spell library contained the following spells:

 Spells                   Type           Power      Damage    Failure   Level
 Slow                     Hex            0%         N/A       52%         1
 Sting                    Tmut/Pois      0%         1d3       52%         1
 Poisonous Vapours        Pois/Air       0%         N/A       65%         2
 Confusing Touch          Hex            0%         N/A       87%         3
 Vampiric Draining        Necr           0%         2d6       87%         3
 Olgreb's Toxic Radiance  Pois           0%         N/A       99%         4


Dungeon Overview and Level Annotations

Branches:
Dungeon (5/15)              Sewer (visited)
 Temple: D:4-7

Altars:
Zin

Annotations:
D:4 2 runed translucent doors, Darkkill's ghost, amateur HuHu


Innate Abilities, Weirdness & Mutations

You have a pair of horns on your head.
You reflexively headbutt those who attack you in melee.


Message History

Press: ? - help, Q - select action, (/) - cycle Shift-Dir - straight line, f/p - wight
Aim: a wight, wielding a +0 short sword and wearing a +0 robe The mass of ice explodes!
The iceblast engulfs the wight!
The wight partially resists.
The wight is heavily damaged.
You shoot an arrow. The arrow closely misses the wight.
The wight closely misses you.
You shoot an arrow. The arrow hits the wight!
You destroy the wight!
You shoot an arrow. The arrow hits the two-headed ogre.
The two-headed ogre is lightly wounded.
A wight comes into view. It is wielding a +3 long sword.
Aiming: Iceblast
Press: ? - help, Q - select action, (/) - cycle Shift-Dir - straight line, f/p - two-headed ogre
Aim: a two-headed ogre, wielding two +0 giant clubs (lightly wounded)
The mass of ice explodes!
The iceblast engulfs the two-headed ogre!
The two-headed ogre is moderately wounded.
You shoot an arrow.
The arrow barely misses the two-headed ogre.
You shoot an arrow. The arrow hits the two-headed ogre!
The two-headed ogre is heavily wounded.
The two-headed ogre hits you with a +0 giant club! x2
You are too injured to fight recklessly!
Fire: a) +0 shortbow
Press: ? - help, Q - select action, (/) - cycle Shift-Dir - straight line, f/p - two-headed ogre
Aim: a two-headed ogre, wielding two +0 giant clubs (heavily wounded, 80% to hit)
You shoot an arrow. The arrow hits the two-headed ogre.
The two-headed ogre is heavily wounded.
The two-headed ogre hits you with a +0 giant club!
* * * LOW HITPOINT WARNING * * *
The two-headed ogre misses you. The wight misses you. You furiously retaliate!
You headbutt the wight!
You feel better.
The wight hits you with a +3 long sword.
* * * LOW HITPOINT WARNING * * *
You feel drained.
* * * LOW HITPOINT WARNING * * *
The two-headed ogre hits you with a +0 giant club!!
You die...

# .. ## ## ...... #.
.##...)... ##. ...........
#..
#############z...........##..
#....>......@O...# .....#...
##.#.......###..## ........[
####.....##### ..# ##.#...#
#....)##..# #.... #......
#....####.# #... ## #...##.g
#....# #.## #..# #.# #...
###### #..##..# # #..#g
##....# ....##. #....#
....###..


You could see a two-headed ogre and a wight.

Vanquished Creatures
  A black bear (D:4)
  2 ogres (D:4)
  2 bullfrogs (Sewer)
  A gnoll sergeant (D:5)
  A necrophage (D:3)
  A scorpion (D:5)
  A wight (D:5)
  2 hounds
  A jelly (D:5)
  A gnoll bouda (D:5)
  Jessica (D:3)
  Ijyb (D:3)
  An orc wizard (D:3)
  10 gnolls (D:5)
  2 river rats (Sewer)
  10 adders
  4 worms
  3 dart slugs
  7 orcs
  23 ball pythons
  5 endoplasms
  3 hobgoblins
  5 quokkas
  3 bats
  2 frilled lizards
  4 goblins
  9 kobolds
  27 rats
133 creatures vanquished.

Notes
Turn   | Place    | Note
-------+----------+-------------------------------------------
     0 | D:1      | gelatine the Minotaur Hunter began the quest for the Orb.
     0 | D:1      | Reached XP level 1. HP: 18/18 MP: 0/0
   412 | D:1      | Reached XP level 2. HP: 25/25 MP: 1/1
   827 | D:1      | Found a faded altar of an unknown god.
   917 | D:2      | Reached skill level 5 in Ranged Weapons
   944 | D:2      | Reached skill level 1 in Stealth
  1057 | D:2      | Reached XP level 3. HP: 30/30 MP: 2/2
  1083 | D:2      | Reached skill level 1 in Armour
  1463 | D:2      | You fall into a shaft and drop 1 floor!
  1498 | D:3      | Reached XP level 4. HP: 26/37 MP: 3/3
  1658 | D:3      | Noticed Jessica
  1665 | D:3      | Killed Jessica
  1689 | D:3      | Noticed Ijyb
  1707 | D:3      | Reached XP level 5. HP: 18/45 MP: 4/4
  1708 | D:3      | Paralysed by Ijyb for 2 turns
  1717 | D:3      | Paralysed by Ijyb for 2 turns
  1721 | D:3      | Killed Ijyb
  2047 | D:3      | Reached skill level 6 in Ranged Weapons
  2483 | D:4      | Found a glowing silver altar of Zin.
  2579 | D:4      | Found a glowing drain.
  2594 | Sewer    | Entered a sewer
  2595 | Sewer    | Identified 3 scrolls of acquirement
  2620 | Sewer    | Reached XP level 6. HP: 51/51 MP: 5/5
  3051 | D:4      | Acquired the +7 plate armour "Agoyba" {rElec Will+}
  3113 | D:4      | Reached skill level 7 in Ranged Weapons
  3113 | D:4      | Reached XP level 7. HP: 59/59 MP: 6/6
  3213 | D:4      | Found a large runed translucent door.
  3213 | D:4      | Found a large runed translucent door.
  3215 | D:4      | Noticed Darkkill's ghost (amateur HuHu)
  3686 | D:5      | Entered Level 5 of the Dungeon
  3706 | D:5      | Noticed a two-headed ogre
  3906 | D:5      | Reached skill level 5 in Fighting
  4182 | D:5      | Reached skill level 8 in Ranged Weapons
  4182 | D:5      | Reached XP level 8. HP: 52/68 MP: 7/7
  4196 | D:5      | Mangled by a two-headed ogre

Illustrated notes

Levels and vault maps discovered:
D:1:      lemuel_arrival_behind_the_door_small, layout_loops_corners,
          shapermc_ecumenical_altar_pompeii
D:2:      layout_loops_ring, serial_bayou, serial_bayou_shore_b,
          serial_bayou_crossing, serial_bayou_shore_b, serial_bayou_shore_b
D:3:      layout_rooms, nicolae_overflow_hidden_temple,
          hangedman_decor_slide_cut, uniq_ijyb, uniq_jessica
D:4:      layout_basic, mainiacjoe_overflow_cross_hatched,
          ebering_ghost_disaster_area, cheibrodos_sewer_entry_sluice
D:5:      layout_rooms, mainiacjoe_overflow_tiny_flanked

Skill      XL: |  1  2  3  4  5  6  7 |
---------------+----------------------+-----
Ranged Weapons | 5 6 7 8 |  8.2
Stealth        | 1 2 3 |  3.2
Armour         | 1 2 3 4 |  4.0
Fighting       | 3 4 5 |  5.3
Dodging        | 3 4 |  4.2
Evocations     | |  0.1

Action                   |  1- 3 |  4- 6 |  7- 9 || total
-------------------------+-------+-------+-------++-------
 Fire: Shortbow          |    76 |   175 |   105 ||   356
Evoke: Wand              |       |       |     5 ||     5
  Use: Scroll            |       |    15 |     3 ||    18
       Potion            |       |       |     4 ||     4
Armor: Leather armour    |     5 |    24 |     6 ||    35
       Ring mail         |     5 |       |       ||     5
Dodge: Dodged            |    22 |    86 |    33 ||   141

Table legend: (Time is in decaauts)
 A = Elapsed time spent in this place.
 B = Non-inter-level travel time spent in this place.
 C = Inter-level travel time spent in this place.
 D = Time resting spent in this place.
 E = Time spent auto-exploring this place.
 F = Levels seen in this place.
 G = Mean time per level.
                   A        B        C        D        E       F      G
               +--------+--------+--------+--------+--------+-----+--------+
         Total |   4306 |   4206 |    100 |    570 |   2738 |   6 |  717.7 |
       Dungeon |   3796 |   3696 |    100 |    570 |   2426 |   5 |  759.2 |
         Sewer |    510 |    510 |      0 |      0 |    312 |   1 |  510.0 |
               +--------+--------+--------+--------+--------+-----+--------+

Top non-repeatable levels by time:
     D:4: 1021 daAuts
     D:1: 894 daAuts
     D:3: 845 daAuts
     D:2: 596 daAuts
   Sewer: 510 daAuts
     D:5: 438 daAuts
